 Dungeon Crawl Stone Soup version 0.27.0-1-g7a089689b8 (webtiles) character file.

Game seed: 2873648616043508387

11 Spectrina the Magician (level 2, 0/21 HPs)
             Began as a Djinni Necromancer on Aug 17, 2021.
             Slain by a bat (1 damage)
             ... on level 1 of the Dungeon.
             The game lasted 00:01:56 (282 turns).

Spectrina the Magician (Djinni Necromancer)          Turns: 282, Time: 00:01:57

Health: 0/21       AC:  2    Str:  7    XL:     2   Next: 40%
Gold:   37         EV: 12    Int: 16    God:
                   SH:  0    Dex: 13

rFire    + + .     SeeInvis .   c - +0 halberd
rCold    x . .     Faith    .   (shield currently unavailable)
rNeg     . . .     Spirit   .   a - +0 robe
rPois    ∞         Reflect  .   (no helmet)
rElec    .         Harm     .   (no cloak)
rCorr    .         Rampage  .   (no gloves)
Will     .....                  (boots unavailable)
Stlth    ++........             (no amulet)
HPRegen  0.07/turn              (no ring)
MPRegen  0.00/turn              (no ring)

@: attractive, flying
A: sickness immunity, fire resistance 2, cold vulnerability 1, float, innate
caster, hp casting, extra vitality 1
a: no special abilities


You were on level 1 of the Dungeon.
You visited 1 branch of the dungeon, and saw 1 of its levels.

You collected 37 gold pieces.

Inventory:

Hand Weapons
 c - a +0 halberd (weapon)
Missiles
 b - 17 sling bullets
 d - 23 stones (quivered)
Armour
 a - a +0 robe (worn)


   Skills:
 - Level 2.1 Dodging
 - Level 1.5 Stealth
 + Level 3.6 Spellcasting


You couldn't memorise any spells.
You knew the following spells:

 Your Spells              Type           Power      Damage    Failure   Level
a - Pain                  Necr           56%        1d6       3%          1
b - Animate Skeleton      Necr           28%        N/A       3%          1
c - Vampiric Draining     Necr           7%         2d7       12%         3
d - Animate Dead          Necr           7%         N/A       36%         4
e - Agony                 Necr           14%        N/A       71%         5
Your spell library was empty.

Dungeon Overview and Level Annotations

Branches:
Dungeon (1/15)

Altars:


Innate Abilities, Weirdness & Mutations

You are immune to sickness and miasma.
You are immune to poison.
Your flesh is very heat resistant. (rF++)
You are vulnerable to cold. (rC-)
You float through the air rather than walking.
You learn spells naturally, not from books.
Your magical power is your life essence.
You have superior vitality. (+4 HP)


Message History

Aiming: Pain (safe; 3% risk of failure)
Press: ? - help, Shift-Dir - straight line, f - frilled lizard
Aim: a frilled lizard (chance to affect: 85%)
The frilled lizard writhes in agony.
You kill the frilled lizard!
* * * LOW HITPOINT WARNING * * *
Unknown command.
Found 15 gold pieces.
e - a coppery potion You now have 37 gold pieces (gained 15).
You reach down and open the door.
There is an open door here.
Found a hand axe.
A bat comes into view.
The bat hits you.
* * * LOW HITPOINT WARNING * * *
You completely miss the bat. The bat closely misses you.
The bat hits you but does no damage.
Casting: Pain (safe; 3% risk of failure)
Confirm with . or Enter, or press ? or * to list all spells.
Aiming: Pain (safe; 3% risk of failure)
Press: ? - help, Shift-Dir - straight line, f - bat
Aim: a bat (chance to affect: 85%)
The bat barely resists.
* * * LOW HITPOINT WARNING * * *
The bat hits you but does no damage.
You closely miss the bat. The bat completely misses you.
The bat closely misses you.
You barely miss the bat. The bat closely misses you.
Casting: Pain (safe; 3% risk of failure)
Confirm with . or Enter, or press ? or * to list all spells.
Okay, then.
Reach: c) +0 halberd
Press: ? - help, Dir - move target, f/p - bat
Aim: a bat (about 77% to evade your +0 halberd)
You reach to attack!
You miss the bat. The bat barely misses you.
It was a potion of attraction.
You feel attractive to monsters. The bat hits you.
You die...

.............#
#......### ##
.............# ..#
.. .............#
..###.
.............###....
.............†.....
########.....###..#
#....## #..##
#....####b..##..#
#....'...@.......
#....######......
#....# ..).. #....#
.... #....# ...
####....# ..
#.......# .
#.....### #.....#


You could see a bat.

Vanquished Creatures
  A ball python (D:1)
  A bat (D:1)
  An endoplasm (D:1)
  2 goblins (D:1)
  A quokka (D:1)
  2 frilled lizards (D:1)
  2 kobolds (D:1)
  A rat (D:1)
11 creatures vanquished.

Notes
Turn   | Place    | Note
-------+----------+-------------------------------------------
     0 | D:1      | Spectrina the Djinni Necromancer began the quest for the
                  | Orb.
     0 | D:1      | Reached XP level 1. HP: 15/15 MP: 0/0
   135 | D:1      | Reached XP level 2. HP: 2/21 MP: 0/0
   282 | D:1      | Slain by a bat

Illustrated notes

Levels and vault maps discovered:
D:1:      scummos_arrival_star, layout_basic, dk_noncrumbling_2, minivault_11

Action                   || total
-------------------------++-------
Melee: Halberd           ||     6
 Cast: Pain              ||    16
  Use: Potion            ||     1
Armor: Robe              ||     3
Dodge: Dodged            ||     7
